 Dungeon Crawl Stone Soup version 0.31-a0-232-gb1c03b2570 (webtiles) character file.

Game seed: 9716844625404525305

7 qw the Shooter (level 1, 0/16 HPs)
             Began as a Minotaur Hexslinger on July 7, 2023.
             Slain by a jackal (2 damage)
             ... on level 1 of the Dungeon.
             The game lasted 00:00:02 (36 turns).

qw the Shooter (Minotaur Hexslinger)                  Turns: 36, Time: 00:00:02

Health: 0/16       AC:  2    Str: 12    XL:     1   Next: 91%
Magic:  1/1        EV: 12    Int: 10    God:
Gold:   0          SH:  0    Dex: 12    Spells: 1/2 levels left

rFire   . . .        a - +1 sling
rCold   . . .        (no shield)
rNeg    . . .        c - +0 robe
rPois   .            (helmet restricted)
rElec   .            (no cloak)
rCorr   .            (no gloves)
SInv    .            (no boots)
Will    .....        (no amulet)
Stlth   +            (no ring)
HPRegen 0.22/turn    (no ring)
MPRegen 0.07/turn

%: no passive effects
@: no status effects
A: horns 2, retaliatory headbutt
a: no special abilities


You were on level 1 of the Dungeon.
You visited 1 branch of the dungeon, and saw 1 of its levels.


Innate Abilities, Weirdness & Mutations

You have a pair of horns on your head.
You reflexively headbutt those who attack you in melee.


   Skills:
 - Level 1.2 Fighting
 + Level 3.0 Ranged Weapons
 - Level 2.1 Dodging
 - Level 1.0 Spellcasting
 - Level 2.0 Hexes


You had one spell level left.
You knew the following spells:

 Your Spells              Type           Power      Damage    Failure   Level
a - Slow                  Hex            16%        N/A       16%         1

Your spell library contained the following spells:

 Spells                   Type           Power      Damage    Failure   Level
 Inner Flame              Hex/Fire       2%         N/A       56%         3
 Portal Projectile        Hex/Tloc       4%         N/A       56%         3
 Cause Fear               Hex            2%         N/A       83%         4

Inventory:

Hand Weapons
 a - a +1 sling (weapon)
Armour
 c - a +0 robe (worn)
Scrolls
 b - a scroll of poison

Dungeon Overview and Level Annotations

Branches:
Dungeon (1/15)

Altars:


Message History

The jackal barely misses you. You furiously retaliate!
You headbutt the jackal. You shoot a sling bullet.
The sling bullet closely misses the jackal.
The sling bullet completely misses the giant cockroach.
The jackal bites you but does no damage.
The jackal bites you. The goblin barely misses you.
You shoot a sling bullet. The sling bullet hits the jackal.
You kill the jackal!
The jackal barely misses you. The goblin hits you with a +0 dagger.
The jackal bites you but does no damage.
The rat bites you. The goblin hits you but does no damage.
You shoot a sling bullet.
The sling bullet closely misses the goblin.
The jackal bites you but does no damage. x2
The rat bites you. The goblin closely misses you. You furiously retaliate!
You headbutt the goblin!
You kill the goblin!
You shoot a sling bullet.
The sling bullet closely misses the rat.
The sling bullet barely misses the giant cockroach.
The jackal bites you. The rat barely misses you. The jackal bites you.
You shoot a sling bullet.
The sling bullet hits the giant cockroach.
The giant cockroach is lightly wounded.
The giant cockroach bites you but does no damage.
The jackal barely misses you. The rat bites you.
A dart slug comes into view.
The giant cockroach bites you but does no damage.
You shoot a sling bullet.
The sling bullet closely misses the giant cockroach.
The jackal bites you. The rat barely misses you.
The giant cockroach barely misses you. The jackal closely misses you.
The rat barely misses you. You furiously retaliate!
You headbutt the rat!
You kill the rat!
Your Ranged Weapons skill increases to level 3!
You shoot a sling bullet.
The sling bullet hits the giant cockroach!
You kill the giant cockroach!
The jackal bites you.
You die...

# ..
#############...
#...............
#.##+##..)......
#.##.###@%....w.
#.#7.~P#.h......
#.'.<~P#?.....##
#.#7.~P########
#.##.### #..#+#
##...# #####


You could see a dart slug and a jackal.

Vanquished Creatures
  2 giant cockroaches (D:1)
  A hobgoblin (D:1)
  2 jackals (D:1)
  A goblin (D:1)
  2 rats (D:1)
8 creatures vanquished.

Notes
Turn   | Place    | Note
-------+----------+-------------------------------------------
     0 | D:1      | qw the Minotaur Hexslinger began the quest for the Orb.
     0 | D:1      | Reached XP level 1. HP: 16/16 MP: 1/1
     0 | D:1      | 0 ||| qw: Version: 0.3-a-46-gb1f654a
     0 | D:1      | 0 ||| qw: Game counter: 2437
     0 | D:1      | 0 ||| qw: Melee chars always use a shield: true
     0 | D:1      | 0 ||| qw: God list: Okawaru
     0 | D:1      | 0 ||| qw: Allow faded altars: false
     0 | D:1      | 0 ||| qw: Do Orc after clearing Dungeon:15 true
     0 | D:1      | 0 ||| qw: Do second Lair branch before Depths: true
     0 | D:1      | 0 ||| qw: Lair rune preference: random
     0 | D:1      | 0 ||| qw: Goals: Normal
     0 | D:1      | 0 ||| PLANNING D:1-11
    33 | D:1      | HP: 4/16 [jackal (1)]
    35 | D:1      | HP: 1/16 [jackal (1)]
    36 | D:1      | Reached skill level 3 in Ranged Weapons
    36 | D:1      | Slain by a jackal

Levels and vault maps discovered:
D:1:      tarquinn_simple_flora_water_e, layout_basic, minmay_misc_feat_rugged,
          minmay_lizard_king

Skill      XL: |  1 |
---------------+----+-----
Ranged Weapons | 3 |  3.0
Fighting       | |  1.2
Dodging        | |  2.1
Spellcasting   | |  1.0
Hexes          | |  2.0

Action                     || total
---------------------------++-------
   Fire: Sling             ||    17
 Armour: Robe              ||    10
  Dodge: Dodged            ||    19

Table legend:
 A = Non-vault XP
 B = Vault XP
 C = Vault XP percentage of total XP
 D = Non-vault monster count
 E = Vault monster count
 F = Vault count percentage of total count
                 A         B        C        D         E       F
            +---------+---------+-------+---------+---------+-------
      Total |      13 |       0 |   0.0 |       8 |       0 |   0.0
            +---------+---------+-------+---------+---------+-------
        D:1 |      13 |       0 |   0.0 |       8 |       0 |   0.0
            +---------+---------+-------+---------+---------+-------
